 Dungeon Crawl Stone Soup version 0.31-a0-543-geaa9c7a2c0 (webtiles) character file.

Game seed: 2453425305793990122

91 AdnanSaban the Covered (level 4, -4/29 HPs)
             Began as a Gargoyle Fighter on Aug 15, 2023.
             Slain by a gnoll
             ... wielding a +1 whip of flaming
              (7 damage)
             ... on level 1 of the Dungeon.
             The game lasted 00:01:10 (1025 turns).

AdnanSaban the Covered (Gargoyle Fighter)           Turns: 1025, Time: 00:01:11

Health: -4/29      AC: 10    Str: 22    XL:     4   Next: 59%
Magic:  4/4        EV:  9    Int:  8    God:
Gold:   23         SH:  4    Dex:  9    Spells: 3/3 levels left

rFire   . . .        j - +3 whip of Udohu {venom, *Slow rN+ Will+ rCorr}
rCold   . . .        c - +0 buckler
rNeg    + + .        b - +0 scale mail
rPois   ∞            (no helmet)
rElec   +            (no cloak)
rCorr   +            (no gloves)
SInv    .            (no boots)
Will    +....        (no amulet) Stlth
                     (no ring)
HPRegen 0.24/turn    (no ring)
MPRegen 0.09/turn

%: slow self (1%)
@: no status effects
A: sickness immunity, AC +3, negative energy resistance 1, electricity
resistance, torment resistance 1, petrification resistance
a: no special abilities


You were on level 1 of the Dungeon.
You visited 1 branch of the dungeon, and saw 2 of its levels.

You collected 23 gold pieces.

Inventory:

Hand Weapons
 a - a +0 flail
 j - the +3 whip of Udohu (weapon) {venom, *Slow rN+ Will+ rCorr}
   (You found it on level 2 of the Dungeon)

   rN+:       It protects you from negative energy.
   Will+:     It increases your willpower.
   rCorr:     It protects you from acid and corrosion.
   *Slow:     It may slow you when you take damage.
Armour
 b - a +0 scale mail (worn)
 c - a +0 buckler (worn)
Scrolls
 g - a scroll of identify {unknown}
Potions
 d - a potion of might
 e - a potion of attraction {unknown}
 f - 3 potions of heal wounds {unknown}
 h - a potion of lignification {unknown}
 i - 2 potions of mutation {unknown}


   Skills:
 + Level 3.7 Fighting
 + Level 3.5 Maces & Flails
 + Level 3.8 Armour
 + Level 0.4 Dodging
 + Level 3.5 Shields


You had 3 spell levels left.
You didn't know any spells.
Your spell library was empty.

Dungeon Overview and Level Annotations

Branches:
Dungeon (2/15)

Altars:

Shops:
D:1 !


Innate Abilities, Weirdness & Mutations

You are immune to sickness and miasma.
Your stone body is resilient. (AC +3)
You are immune to poison.
You resist negative energy. (rN+)
You are resistant to electric shocks. (rElec)
You are resistant to unholy torment.
You are immune to petrification.


Message History

You are too injured to fight recklessly!
You are too injured to fight recklessly!
You are too injured to fight recklessly!
You are too injured to fight recklessly!
You are too injured to fight recklessly!
You are too injured to fight recklessly!
You are too injured to fight recklessly!
You are too injured to fight recklessly!
You are too injured to fight recklessly!
You are too injured to fight recklessly!
You are too injured to fight recklessly!
You are too injured to fight recklessly!
You are too injured to fight recklessly!
You are too injured to fight recklessly!
You are too injured to fight recklessly!
You are too injured to fight recklessly!
You are too injured to fight recklessly!
You are too injured to fight recklessly!
You are too injured to fight recklessly!
You are too injured to fight recklessly!
You barely miss the gnoll.
The gnoll is severely wounded.
You kill the gnoll!
The gnoll hits you with a +1 whip of flaming.
* * * LOW HITPOINT WARNING * * *
The gnoll burns you.
* * * LOW HITPOINT WARNING * * *
You barely miss the gnoll. You block the gnoll's attack.
You closely miss the gnoll.
The gnoll hits you with a +1 whip of flaming.
* * * LOW HITPOINT WARNING * * *
The gnoll burns you.
* * * LOW HITPOINT WARNING * * *
You hit the gnoll.
The gnoll is heavily wounded.
The gnoll closely misses you.
You barely miss the gnoll.
The gnoll is heavily wounded.
The gnoll hits you with a +1 whip of flaming!
You die...

#...####.# #.#
#........#
#.###
#...######
#...# ##[##
###.## #.#
#...# #.# #.#.#
#.# #...# #)#
##.## #@# #.#
#g# #.# #.#
######.#
#.######...##.#
##
#..........##.#
#.
########...##.#
#. ##.###.###.
#.##......
#.........


You could see a gnoll.

Vanquished Creatures
  A gnoll (D:1)
  3 adders
  A worm (D:2)
  4 ball pythons
  6 endoplasms
  2 giant cockroaches
  3 goblins
  2 hobgoblins (D:1)
  8 jackals
  5 kobolds
  3 bats
  3 frilled lizards
  6 rats
47 creatures vanquished.

Notes
Turn   | Place    | Note
-------+----------+-------------------------------------------
     0 | D:1      | AdnanSaban the Gargoyle Fighter began the quest for the
                  | Orb.
     0 | D:1      | Reached XP level 1. HP: 14/14 MP: 1/1
   178 | D:1      | Found Caofouh's Distillery.
   215 | D:1      | Reached XP level 2. HP: 19/19 MP: 2/2
   360 | D:1      | Reached XP level 3. HP: 23/23 MP: 3/3
   885 | D:2      | Identified the +1 leather armour "Qasen" {Harm}
   950 | D:2      | Reached XP level 4. HP: 29/29 MP: 4/4
   989 | D:2      | Identified the +3 whip of Udohu {venom, *Slow rN+ Will+
                  | rCorr}
  1025 | D:1      | Slain by a gnoll

Illustrated notes

Levels and vault maps discovered:
D:1:      nagdon_arrival_double_spiral, layout_loops_ring, serial_shops,
          nicolae_shop_crystal
D:2:      layout_rooms, st_stairs_13, nrook_campfire, minmay_hexomino_p4

Skill      XL: |  1  2  3 |
---------------+----------+-----
Maces & Flails | 3 |  3.5
Fighting       | |  3.7
Armour         | |  3.8
Dodging        | |  0.4
Shields        | |  3.5

Action                     |  1- 3 |  4- 6 || total
---------------------------+-------+-------++-------
  Melee: Flail             |   124 |    14 ||   138
         Whip              |       |    17 ||    17
 Armour: Scale mail        |   101 |    26 ||   127
  Dodge: Dodged            |    64 |    15 ||    79
  Block: Buckler           |    29 |    10 ||    39

Table legend: (Time is in decaauts)
 A = Elapsed time spent in this place.
 B = Non-inter-level travel time spent in this place.
 C = Inter-level travel time spent in this place.
 D = Time resting spent in this place.
 E = Time spent auto-exploring this place.
 F = Levels seen in this place.
 G = Mean time per level.
                   A        B        C        D        E       F      G
               +--------+--------+--------+--------+--------+-----+--------+
         Total |   1068 |   1034 |     34 |     26 |    686 |   2 |  534.0 |
       Dungeon |   1068 |   1034 |     34 |     26 |    686 |   2 |  534.0 |
               +--------+--------+--------+--------+--------+-----+--------+

Top non-repeatable levels by time:
     D:1: 872 daAuts
     D:2: 195 daAuts
